 Dungeon Crawl Stone Soup version 0.24.0-13-gcf9b319 (webtiles) character file.

Game seed: 4280138790572346199, levelgen mode: deterministic

464 Popoto the Changer (level 6, -3/47 HPs)
             Began as a Draconian Transmuter on Dec 20, 2019.
             Was a Follower of Makhleb.
             Slain by a centaur (7 damage)
             ... on level 5 of the Dungeon.
             The game lasted 00:20:22 (4289 turns).

Popoto the Changer (Draconian Transmuter)           Turns: 4289, Time: 00:20:23

Health: -3/47      AC:  8    Str: 12    XL:     6   Next: 80%
Magic:  9/9        EV: 12    Int: 13    God:    Makhleb [*.....]
Gold:   216        SH:  0    Dex: 14    Spells: 6/9 levels left

rFire    + . .     SeeInvis .     - Unarmed
rCold    x . .     Gourm    .   (no shield)
rNeg     . . .     Faith    .   (armour unavailable)
rPois    .         Spirit   .   (helmet restricted)
rElec    .         Reflect  .   (no cloak)
rCorr    .         Harm     .   e - +1 pair of gloves
MR       .....                  (no boots)
Stlth    +.........             (no amulet)
HPRegen  0.15/turn              k - ring of fire
MPRegen  0.11/turn              (no ring)

@: appendage
A: unfitting armour, horns 2, cold-blooded, AC +6
a: End Transformation, Renounce Religion


You were on level 5 of the Dungeon.
You worshipped Makhleb.
Makhleb was aware of your devotion.
You were not hungry.
You had grown temporary horns.
You visited 2 branches of the dungeon, and saw 6 of its levels.

You collected 216 gold pieces.

Inventory:

Missiles
 a - 31 arrows
 m - 155 stones
 o - 14 boomerangs
 u - 3 silver boomerangs (quivered)
Armour
 e - a +1 pair of gloves (worn)
Jewellery
 k - a ring of fire (left hand)
Wands
 w - a wand of random effects (19)
Scrolls
 d - 3 scrolls of enchant armour {unknown}
 f - 5 scrolls of identify {unknown}
 g - a scroll of remove curse {unknown}
 n - 2 scrolls of amnesia {unknown}
 q - 2 scrolls of immolation {unknown}
 r - a scroll of random uselessness {unknown}
 s - a scroll of teleportation {unknown}
Potions
 b - 4 potions of heal wounds {unknown}
 h - 2 potions of curing
 i - a potion of agility
 j - a potion of mutation {unknown}
 l - 2 potions of haste {unknown}
 p - a potion of brilliance {unknown}
 t - 2 potions of might {unknown}
 x - a potion of degeneration {unknown}
Comestibles
 c - 8 rations
 v - 2 chunks of flesh


   Skills:
 * Level 1.5 Fighting
 - Level 1.7 Dodging
 + Level 4.4 Unarmed Combat
 - Level 2.0 Spellcasting
 * Level 5.7 Transmutations
 - Level 3.0 Invocations


You had 6 spell levels left.
You knew the following spells:

 Your Spells              Type           Power        Failure   Level  Hunger
a - Beastly Appendage     Tmut           ###...       2%          1    ##.....
b - Sticks to Snakes      Tmut           ###.....     3%          2    ###....

Your spell library contained the following spells:

 Spells                   Type           Power        Failure   Level  Hunger
 Spider Form              Tmut/Pois      #.........   24%         3    ####...
 Blade Hands              Tmut           ###.......   54%         5    ######.
 Ice Form                 Ice/Tmut       #.......     61%         4    #####..


Dungeon Overview and Level Annotations

Branches:
Dungeon (5/15)             Temple (1/1) D:4

Altars:
Ashenzari
Cheibriados
Dithmenos
Elyvilon
Fedhas
Kikubaaqudgha
Makhleb
Nemelex Xobeh
Okawaru
Qazlal
Ru
Sif Muna
Uskayaw
Vehumet
Wu Jian
Xom
Yredelemnul
Zin


Innate Abilities, Weirdness & Mutations

Your plain brown scales are hard. (AC +6)
You cannot fit into any form of body armour.
You are cold-blooded and may be slowed by cold attacks.
You have a pair of horns on your head.


Message History

The centaur is lightly wounded.
The centaur completely misses you. The centaur barely misses you.
You hit the centaur. You headbutt the centaur.
The centaur is heavily wounded.
The centaur hits you.
You hit the centaur but do no damage.
The centaur is heavily wounded.
The centaur hits you. The centaur hits you!
* * * LOW HITPOINT WARNING * * *
You barely miss the centaur.
The centaur is heavily wounded.
The centaur closely misses you.
You hit the centaur. You headbutt the centaur. You tail-slap the centaur.
The centaur is almost dead.
The centaur hits you!
* * * LOW HITPOINT WARNING * * *
You hit the centaur but do no damage.
The centaur is almost dead.
The centaur barely misses you. The centaur hits you!
You die...

...#############
..>'............
...###..########
##.............
######'#######
#.......#
###+######
#####.......#
#........#
............#
#........#
####.####.###
#.@c.....# #.#
#.##
###'######## #.#
#..#
#...(....... #.#
##.##
#.#.######## ..#
#..# #.#... ..#
##.# #.#.### ..#
#.# #.#.# ...#
#.###.#.#
#††##.#.# #


You could see a centaur.

Vanquished Creatures
  An ogre (D:4)
  A howler monkey (D:5)
  A bullfrog zombie (D:5)
  2 orc priests
  An orc wizard (D:4)
  2 iguanas
  Terence (D:2)
  A worker ant (D:5)
  5 adders
  3 oozes
  An adder skeleton (D:4)
  A worm (D:2)
  3 dart slugs
  5 leopard geckos
  10 orcs
  9 bats
  A giant cockroach (D:2)
  8 goblins
  5 hobgoblins
  4 jackals (D:5)
  8 kobolds
  3 quokkas (D:2)
  3 ball pythons (D:2)
  A frilled lizard (D:2)
  5 rats
85 creatures vanquished.

Vanquished Creatures (collateral kills)
  3 orcs
  A goblin (D:2)
  A hobgoblin (D:3)
  A ball python (D:2)
6 creatures vanquished.

Grand Total: 91 creatures vanquished

Notes
Turn   | Place    | Note
-------+----------+-------------------------------------------
     0 | D:1      | Popoto the Draconian Transmuter began the quest for the
                  | Orb.
     0 | D:1      | Reached XP level 1. HP: 16/16 MP: 3/3
   297 | D:1      | Reached XP level 2. HP: 23/23 MP: 5/5
   301 | D:1      | Learned a level 2 spell: Sticks to Snakes
  1047 | D:2      | Reached XP level 3. HP: 28/28 MP: 6/6
  1239 | D:2      | Found a shimmering blue altar of Sif Muna.
  1239 | D:2      | Found a blossoming altar of Fedhas.
  1239 | D:2      | Found an iron altar of Okawaru.
  1240 | D:2      | Found a burning altar of Makhleb.
  1261 | D:2      | Became a worshipper of Makhleb the Destroyer
  1430 | D:2      | Reached skill level 1 in Invocations
  1635 | D:2      | Reached skill level 3 in Transmutations
  1677 | D:2      | Reached XP level 4. HP: 32/35 MP: 5/7
  1822 | D:2      | Noticed Terence
  1862 | D:2      | Killed Terence
  2082 | D:2      | Reached * piety under Makhleb
  2433 | D:3      | Reached XP level 5. HP: 35/40 MP: 8/8
  2512 | D:3      | Found a shadowy altar of Dithmenos.
  2744 | D:2      | Reached skill level 4 in Transmutations
  2933 | D:4      | Noticed an ogre
  2942 | D:4      | Killed an ogre
  3245 | D:4      | Reached XP level 6. HP: 44/47 MP: 9/9
  3255 | D:4      | Reached skill level 5 in Transmutations
  3441 | D:4      | Found a staircase to the Ecumenical Temple.
  3519 | D:4      | Found a hide-covered altar of Uskayaw.
  3590 | Temple   | Entered the Ecumenical Temple
  3808 | D:5      | Entered Level 5 of the Dungeon
  4289 | D:5      | Slain by a centaur

Levels and vault maps discovered:
D:1:      giann_bridges, layout_basic, fountainhead,
          hangedman_abyss_or_decor_stabs, minmay_pentomino_s2
D:2:      minmay_alternating_diamond, layout_loops_cross,
          grunt_temple_overflow_open, kennysheep_generic_room_5, uniq_terence
D:3:      layout_rooms, first_ration, nicolae_dithmenos_through_a_glass_darkly
D:4:      layout_basic, kennysheep_mini_moat, minmay_temple_entry_wispy,
          minmay_misc_feat_ornament
D:5:      layout_basic, uniq_duvessa
Temple:   nicolae_temple_figure_eight

Skill      XL: |  1  2  3  4  5  6 |
---------------+-------------------+-----
Unarmed Combat | 4 |  4.4
Invocations    | 1 2 3 |  3.0
Transmutations | 3 4 5 |  5.7
Fighting       | |  1.5
Dodging        | |  1.7
Spellcasting   | |  2.0

Action                   |  1- 3 |  4- 6 || total
-------------------------+-------+-------++-------
Melee: Unarmed           |   172 |   212 ||   384
       Tailslap          |    13 |    28 ||    41
       Kick              |     2 |    19 ||    21
       Headbutt          |     4 |    11 ||    15
       Punch             |     1 |     4 ||     5
Throw: Boomerang         |     2 |    11 ||    13
 Cast: Beastly Appendage |     7 |    10 ||    17
       Sticks to Snakes  |       |    16 ||    16
  Use: Potion            |     1 |       ||     1
 Stab: Sleeping          |     2 |     1 ||     3
       Distracted        |       |     1 ||     1
  Eat: Chunk             |     3 |    10 ||    13
Armor: Skin              |    67 |    77 ||   144
Dodge: Dodged            |   115 |   130 ||   245
